 Dungeon Crawl Stone Soup version 0.23-a0-650-ga4d50d4 (webtiles) character file.

30 Lanoc the Sneak (level 3, -8/21 HPs)
             Began as an Octopode Enchanter on Jan 3, 2019.
             Killed from afar by Sigmund (11 damage)
             ... with a magic dart
             ... on level 2 of the Dungeon.
             The game lasted 00:01:37 (1042 turns).

Lanoc the Sneak (Octopode Enchanter)                Turns: 1042, Time: 00:01:39

Health: -8/21      AC:  1    Str:  7    XL:     3   Next: 20%
Magic:  4/6        EV: 13    Int: 17    God:
Gold:   100        SH:  0    Dex: 13    Spells: 3/6 levels left

rFire    . . .     SeeInvis .   a - +1 dagger
rCold    . . .     Gourm    .   (no shield)
rNeg     . . .     Faith    .   (helmet restricted)
rPois    .         Spirit   .   (no amulet)
rElec    .         Reflect  .   (no ring)
rCorr    .         Harm     .   (no ring)
MR       .....                  (no ring)
Stlth    ++++......             (no ring)
HPRegen  0.07/turn              (no ring)
MPRegen  0.10/turn              (no ring)
                                (no ring)
                                (no ring)

@: no status effects
A: almost no armour, stealthy swim, amphibious, 8 rings, constrict 8, camouflage
1, gelatinous body 1
a: no special abilities


You were on level 2 of the Dungeon.
You were not hungry.

You visited 1 branch of the dungeon, and saw 2 of its levels.

You collected 100 gold pieces.

Inventory:

Hand Weapons
 a - a +1 dagger (weapon)
Scrolls
 d - 2 scrolls of identify {unknown}
 e - a scroll of teleportation {unknown}
 g - 2 scrolls of random uselessness {unknown}
 i - a scroll of amnesia {unknown}
 j - a scroll of fear {unknown}
Potions
 b - a potion of lignification {unknown}
 f - a potion of agility {unknown}
 h - a potion of ambrosia {unknown}
Comestibles
 c - 4 rations


   Skills:
 * Level 1.6 Short Blades
 + Level 2.2 Dodging
 * Level 4.5 Stealth
 + Level 2.1 Spellcasting
 * Level 3.3 Hexes


You had 3 spell levels left.
You knew the following spells:

 Your Spells              Type           Power        Failure   Level  Hunger
a - Corona                Hex            ##.....      4%          1    #......
b - Ensorcelled Hibernat  Hex/Ice        #.....       14%         2    ###....

Your spell library contained the following spells:

 Spells                   Type           Power        Failure   Level  Hunger
 Confuse                  Hex            ##......     14%         3    ###....
 Tukima's Dance           Hex            ##......     14%         3    ###....
 Dazzling Spray           Conj/Hex       #.....       28%         3    ###....


Dungeon Overview and Level Annotations

Branches:
Dungeon (2/15)

Altars:

Annotations:
D:2 Sigmund


Innate Abilities, Weirdness & Mutations

You cannot wear most types of armour.
You are very stealthy in the water. (Stealth+)
You are amphibious.
You can wear up to eight rings at the same time.
You can use your tentacles to constrict eight enemies at once.
Your skin changes colour to match your surroundings (Stealth+).
Your rubbery body absorbs attacks. (AC +1, EV +1)


Message History

You hit Sigmund.
Sigmund is severely wounded.
You constrict Sigmund, but do no damage.
Sigmund hits you with a +0 scythe!
Ouch! That really hurt!
You completely miss Sigmund.
Sigmund is severely wounded.
You constrict Sigmund, but do no damage.
You hit Sigmund.
Sigmund is almost dead.
You constrict Sigmund, but do no damage.
Sigmund hits you with a +0 scythe!
* * * LOW HITPOINT WARNING * * *
You hit Sigmund.
Sigmund is almost dead.
You constrict Sigmund, but do no damage.
Sigmund gestures at you while chanting. The magic dart hits you!
Ouch! That really hurt!
You die...

...####........ ...
#####.... .. #....
.# #)... .#
#########.... <#
#.)....##.... .#
#.####.##....
###@###.# #.##....
#.@...#.# #.######
#.#.#.#.# #.....#
#.#.# #.# #####.#
#.#.. #.# #.#
#.#####.########.#
#................#
#######.###########
#............
#############


You could see Sigmund.

Vanquished Creatures
  An ooze (D:2)
  A ball python (D:1)
  A giant cockroach (D:1)
  A goblin (D:1)
  6 hobgoblins (D:1)
  2 jackals (D:1)
  A kobold (D:1)
  4 bats (D:1)
  2 frilled lizards
  5 rats
24 creatures vanquished.

Notes
Turn   | Place    | Note
-------+----------+-------------------------------------------
     0 | D:1      | Lanoc the Octopode Enchanter began the quest for the Orb.
     0 | D:1      | Reached XP level 1. HP: 11/11 MP: 3/3
    82 | D:1      | Reached XP level 2. HP: 14/17 MP: 5/5
   792 | D:2      | Reached XP level 3. HP: 21/21 MP: 6/6
  1026 | D:2      | Noticed Sigmund
  1032 | D:2      | Learned a level 2 spell: Ensorcelled Hibernation
  1042 | D:2      | Killed from afar by Sigmund

Vault maps used:
D:1:      psy_arrival_conway
D:2:      first_ration, uniq_sigmund, uniq_natasha

Action                   || total
-------------------------++-------
Melee: Dagger            ||    44
       Constrict         ||     9
       Tentacles         ||     5
 Cast: Ensorcelled Hiber ||     1
 Stab: Sleeping          ||    14
Armor: Skin              ||     2
Dodge: Dodged            ||    12

Table legend:
 A = Non-vault XP
 B = Vault XP
 C = Vault XP percentage of total XP
 D = Non-vault monster count
 E = Vault monster count
 F = Vault count percentage of total count
                 A         B        C        D         E       F
            +---------+---------+-------+---------+---------+-------
      Total |      44 |       0 |   0.0 |      24 |       0 |   0.0
            +---------+---------+-------+---------+---------+-------
        D:1 |      33 |       0 |   0.0 |      19 |       0 |   0.0
        D:2 |      11 |       0 |   0.0 |       5 |       0 |   0.0
            +---------+---------+-------+---------+---------+-------
